 Dungeon Sprint DCSS version 0.24.0-123-gd5b16e6ec5 (webtiles) character file.

Game seed: 4701118664063497404, levelgen mode: deterministic

410 McKennaii the Destroyer (level 6, 0/46 HPs)
             Began as a Draconian Conjurer on Jan 26, 2020.
             Succumbed to a worker ant's poison
             ... in the Dungeon (Sprint II: "The Violet Keep of Menkaure").
             The game lasted 00:01:39 (381 turns).

McKennaii the Destroyer (Draconian Conjurer)         Turns: 381, Time: 00:01:40

Health: 0/46       AC:  6    Str: 10    XL:     6   Next: 58%
Magic:  1/15       EV: 13    Int: 18    God:
Gold:   243        SH:  0    Dex: 11    Spells: 12/17 levels left

rFire    . . .     SeeInvis .   (no weapon)
rCold    . . .     Gourm    .   (no shield)
rNeg     . . .     Faith    .   (armour unavailable)
rPois    .         Spirit   .   (helmet restricted)
rElec    .         Reflect  .   (no cloak)
rCorr    .         Harm     .   (no gloves)
MR       .....     NoTele   +   (no boots)
Stlth    ++........             (no amulet)
HPRegen  0.15/turn              (no ring)
MPRegen  0.14/turn              (no ring)

@: lethally poisoned (0 -> -2), hasted, very quick
A: unfitting armour, cold-blooded, AC +6
a: no special abilities


You were in the Dungeon.
You were not hungry.

You visited 1 branch You collected 243 gold pieces.

Inventory:

Scrolls
 h - a scroll of blinking
Potions
 f - 2 potions of magic
Comestibles
 b - a ration


   Skills:
 + Level 0.8 Fighting
 + Level 4.3 Dodging
 + Level 3.6 Stealth
 * Level 6.2 Spellcasting
 + Level 11.8 Conjurations


You had 12 spell levels left.
You knew the following spells:

 Your Spells              Type           Power        Failure   Level  Hunger
a - Magic Dart            Conj           ####         1%          1    None
c - Iskenderun's Mystic   Conj           #####...     1%          4    ####...

Your spell library contained the following spells:

 Spells                   Type           Power        Failure   Level  Hunger
 Searing Ray              Conj           #####.       1%          2    None
 Dazzling Spray           Conj/Hex       ####..       3%          3    ##.....
 Force Lance              Conj/Tloc      ####....     10%         4    ####...
 Fulminant Prism          Conj/Hex       ####......   10%         4    ####...


Dungeon Overview and Level Annotations

Branches:
Dungeon (1/1)

Altars:


Innate Abilities, Weirdness & Mutations

Your plain brown scales are hard. (AC +6)
You cannot fit into any form of body armour.
You are cold-blooded and may be slowed by cold attacks.


Message History

You kill the worker ant!
You feel sick.
You feel yourself speed up. The worker ant bites you.
* * * LOW HITPOINT WARNING * * *
* * * LOW HITPOINT WARNING * * *
You feel sick.
* * * LOW HITPOINT WARNING * * *
You feel sick.
There is an open door, spattered with blood here.
Things that are here:
a worker ant corpse x2
Butcher a worker ant corpse? [(y)es/(n)o/(a)ll/(q)uit/?]
You butcher the worker ant corpse.
You stop butchering the corpse.
* * * LOW HITPOINT WARNING * * *
You feel sick.
You close the door.
There is a lethal amount of poison in your body!
* * * LOW HITPOINT WARNING * * *
You feel sick.
You die...

## ## H# #.
# .#H # ##.
#+# .#
#...##.##..#
#.+.<.'#
#.m.##@##..#
##. ##+## .#
# ##a#.## #
#..#..#
##...##
##+##


There were no monsters in sight!

Vanquished Creatures
  4 necrophages (D)
  3 worker ants (D)
7 creatures vanquished.

Vanquished Creatures (others)
  A crocodile (D)
1 creature vanquished.

Grand Total: 8 creatures vanquished

Notes
Turn   | Place    | Note
-------+----------+-------------------------------------------
     0 | D        | McKennaii the Draconian Conjurer began the quest for the
                  | Orb.
     0 | D        | Reached XP level 1. HP: 14/14 MP: 3/3
     1 | D        | Noticed a merfolk siren
     5 | D        | Noticed a hippogriff
     5 | D        | Noticed a hippogriff
     9 | D        | Noticed a necrophage
     9 | D        | Noticed a necrophage
     9 | D        | Noticed a necrophage
     9 | D        | Noticed a necrophage
    17 | D        | Killed a necrophage
    17 | D        | Reached skill level 8 in Conjurations
    17 | D        | Reached XP level 2. HP: 9/20 MP: 3/6
    17 | D        | Reached XP level 3. HP: 12/26 MP: 4/8
    17 | D        | Reached XP level 4. HP: 16/33 MP: 4/9
    24 | D        | Killed a necrophage
    24 | D        | Reached skill level 9 in Conjurations
    24 | D        | Reached XP level 5. HP: 19/38 MP: 4/12
    35 | D        | Killed a necrophage
    35 | D        | Reached skill level 5 in Spellcasting
    35 | D        | Reached skill level 10 in Conjurations
    39 | D        | Killed a crocodile
    61 | D        | Killed a necrophage
    61 | D        | Reached skill level 11 in Conjurations
    61 | D        | Reached XP level 6. HP: 7/43 MP: 0/14
   328 | D        | Learned a level 4 spell: Iskenderun's Mystic Blast
   369 | D        | HP: 2/46 [poisoned by a worker ant]
   377 | D        | HP: 1/46 [poisoned by a worker ant]
   381 | D        | Succumbed to a worker ant's poison

Levels and vault maps discovered:
D:        the_violet_keep_of_menkaure [sprint2_stairs_cluster_1,
          sprint2_shoproom, sprint2_temple, sprint2_basic_supplies,
          sprint2_obstacle_2, sprint2_obstacle_7, sprint2_obstacle_5,
          sprint2_obstacle_1, sprint2_obstacle_6, sprint2_timed_cluster_1,
          sprint2_smallroom_cluster_1, sprint2_smallroom_final_cluster_1,
          sprint2_transparent_cluster_1, sprint2_second_timed_cluster_1,
          sprint2_sniper_area_1, sprint2_heavy_combat_area_1,
          sprint2_mutation_trap_area_1, sprint2_forest_area_1,
          sprint2_light_combat_area_1, sprint2_behind_water_1,
          sprint2_near_end_vault_1]

Skill      XL: |  1  2  3  4  5  6 |
---------------+-------------------+-----
Dodging        | 2 3 4 |  4.3
Stealth        | 2 3 |  3.6
Spellcasting   | 3 4 5 6 |  6.2
Conjurations   | 8 9 11 | 11.8
Fighting       | |  0.8

Action                   |  1- 3 |  4- 6 || total
-------------------------+-------+-------++-------
Melee: Unarmed           |     7 |    49 ||    56
       Tailslap          |       |     6 ||     6
 Cast: Magic Dart        |       |    17 ||    17
       Iskenderun's Myst |       |     3 ||     3
  Use: Potion            |     1 |     3 ||     4
Armor: Skin              |       |    12 ||    12
Dodge: Dodged            |     1 |    49 ||    50
